 Dungeon Crawl Stone Soup version 0.29.1-12-g30fa7ad0bf (webtiles) character file.

Game seed: 17686413902266366817

16 nerdsy the Trooper (level 2, 0/24 HPs)
             Began as a Human Fighter on Dec 28, 2022.
             Succumbed to an adder's poison
             ... on level 2 of the Dungeon.
             The game lasted 00:12:46 (716 turns).

nerdsy the Trooper (Human Fighter)                   Turns: 716, Time: 00:12:47

Health: 0/24       AC: 10    Str: 16    XL:     2   Next: 70%
Magic:  2/2        EV:  6    Int:  8    God:
Gold:   63         SH:  4    Dex: 12    Spells: 1/1 levels left

rFire   x . .      SeeInvis +   i - +0 long sword
rCold   + . .      Faith    .   c - +0 buckler
rNeg    . . .      Spirit   .   g - +0 chain mail
rPois   .          Reflect  .   (no helmet)
rElec   .          Harm     .   (no cloak)
rCorr   .          Rampage  .   k - +0 pair of gloves
Will    .....                   (no boots)
Stlth   ..........              (no amulet)
HPRegen 0.08/turn               q - ring "Neppueza" {Ice SInv}
MPRegen 0.08/turn               (no ring)

@: lethally poisoned (0 -> -4)
A: no striking features
a: no special abilities


You were on level 2 of the Dungeon.
You visited 1 branch of the dungeon, and saw 2 of its levels.

You collected 63 gold pieces.

Inventory:

Hand Weapons
 a - a +0 rapier
 i - a +0 long sword (weapon)
 j - a +0 dagger
 l - a +0 trident
 m - a +0 club
 o - a +0 spear
 p - a +0 dagger
 r - a +0 mace
Armour
 b - a +0 scale mail
 c - a +0 buckler (worn)
 g - a +0 chain mail (worn)
 h - a +0 scale mail
 k - a +0 pair of gloves (worn)
Jewellery
 q - the ring "Neppueza" (left hand) {Ice SInv}
   (You found it on level 2 of the Dungeon)

   [ring of ice]

   It enhances your ice magic.
   rF:        It makes you vulnerable to fire.
   rC:        It protects you from cold.
   SInv:      It lets you see invisible.
Scrolls
 e - a scroll of noise {unknown}
Potions
 d - a potion of might
 f - 2 potions of curing {unknown}
 n - a potion of heal wounds {unknown}


   Skills:
 + Level 3.3 Fighting
 + Level 2.1 Long Blades
 + Level 3.2 Armour
 + Level 3.1 Shields


You had one spell level left.
You didn't know any spells.
Your spell library was empty.

Dungeon Overview and Level Annotations

Branches:
Dungeon (2/15)

Altars:


Message History

The kobold completely misses you.
You hit the kobold but do no damage.
The kobold is heavily wounded.
You feel sick. The adder bites you.
You are more poisoned.
The adder poisons you! The kobold hits you but does no damage.
You block the adder's attack.
You closely miss the kobold.
The kobold is heavily wounded.
You feel very sick. You block the adder's attack.
The kobold hits you but does no damage. The adder bites you but does no damage.
The kobold hits you but does no damage.
You hit the kobold.
You kill the kobold!
You feel sick. You block the bat's attack.
The adder bites you but does no damage. The bat hits you but does no damage.
The adder bites you but does no damage.
You barely miss the bat.
You feel sick. The bat barely misses you.
The adder bites you but does no damage.
An endoplasm comes into view.
The endoplasm quivers.
You hit the bat.
The bat is moderately wounded.
You feel sick. The bat barely misses you. The bat hits you but does no damage.
The adder bites you but does no damage. You block the bat's attack.
The adder bites you but does no damage.
You slash the bat!
You kill the bat!
You feel sick. The adder bites you but does no damage.
The frilled lizard bites you but does no damage.
The adder bites you.
* * * LOW HITPOINT WARNING * * *
You are lethally poisoned!
The adder poisons you!
You slash the frilled lizard!
You kill the frilled lizard!
* * * LOW HITPOINT WARNING * * *
You feel sick.
The adder bites you but does no damage. x2
You hit the endoplasm but do no damage.
You die...

##.#..##
#......##..# #..
#.#.#...##..# #!.
.........##..# ##..
..........##..# ...
.......#...##..##..
####...#....##..w.
#.#.......##SJ##
###......#...##@.##
#....##......>##..##
#.##.#####.........#
#....# #.........#
###### #.........#
####...#### .....#
......# .......#


You could see a worm, an adder and an endoplasm.

Vanquished Creatures
  An endoplasm (D:2)
  A giant cockroach (D:1)
  A goblin (D:2)
  2 hobgoblins (D:1)
  4 kobolds
  A ball python (D:1)
  2 bats
  A frilled lizard (D:2)
  2 rats (D:1)
15 creatures vanquished.

Vanquished Creatures (others)
  8 plants (D:1)
8 creatures vanquished.

Grand Total: 23 creatures vanquished

Notes
Turn   | Place    | Note
-------+----------+-------------------------------------------
     0 | D:1      | nerdsy the Human Fighter began the quest for the Orb.
     0 | D:1      | Reached XP level 1. HP: 18/18 MP: 1/1
   290 | D:1      | Reached XP level 2. HP: 22/24 MP: 2/2
   560 | D:1      | Found a faded altar of an unknown god.
   659 | D:2      | Identified the ring "Neppueza" {Ice SInv}
   715 | D:2      | HP: 1/24 [poisoned by an adder]
   716 | D:2      | Succumbed to an adder's poison

Illustrated notes

Levels and vault maps discovered:
D:1:      heliophobic_arrival_enchanted_forest, layout_basic,
          chequers_ecumenical_altar_lobes
D:2:      minmay_alternating_diamond, layout_basic

Action                   || total
-------------------------++-------
Melee: Long sword        ||    83
Armor: Chain mail        ||    49
Dodge: Dodged            ||    28
Block: Buckler           ||    10
